 Dungeon Crawl Stone Soup version 0.29.1-13-g9f3cf754e1 (webtiles) character file.

Game seed: 7070139167696934645

853 hawla the Firebug (level 8, -2/58 HPs)
             Began as a Meteoran Fire Elementalist on Jan 20, 2023.
             Slain by a gnoll
             ... wielding a +0 halberd
             ... led by a gnoll bouda
              (5 damage)
             ... on level 5 of the Dungeon on Jan 21, 2023.
             The game lasted 00:06:49 (1061 turns).

hawla the Firebug (Meteoran Fire Elementalist)      Turns: 1061, Time: 00:06:49

Health: -2/58      AC:  2    Str:  9    XL:     8   Next: 45%
Magic:  1/18       EV: 13    Int: 19    God:
Gold:   139        SH:  0    Dex: 15    Spells: 12/19 levels left

rFire   . . .      SeeInvis .   (no weapon)
rCold   . . .      Faith    .   (no shield)
rNeg    . . .      Spirit   .   a - +0 robe
rPois   .          Reflect  .   (no helmet)
rElec   .          Harm     .   (no cloak)
rCorr   .          Rampage  .   (no gloves)
Will    +....                   (no boots)
Stlth   +.........              (no amulet)
HPRegen 0.19/turn               (no ring)
MPRegen 0.16/turn               (no ring)

@: weakened, glowing
A: sense surroundings 1, otherworldly, glowing, explore regen
a: no special abilities


You were on level 5 of the Dungeon.
You visited 1 branch of the dungeon, and saw 5 of its levels.

You collected 139 gold pieces.

Inventory:

Armour
 a - a +0 robe (worn)
Scrolls
 e - a scroll of identify {unknown}
 g - 2 scrolls of immolation {unknown}
 i - a scroll of magic mapping {unknown}
 j - a scroll of enchant weapon {unknown}
 k - a scroll of teleportation {unknown}
 l - 2 scrolls of amnesia {unknown}
 m - a scroll of poison {unknown}
Potions
 b - a potion of magic
 c - 2 potions of haste {unknown}
 d - 2 potions of heal wounds {unknown}
 f - a potion of curing {unknown}
 h - a potion of attraction {unknown}


   Skills:
 + Level 0.8 Fighting
 + Level 3.5 Dodging
 - Level 1.4 Stealth
 + Level 6.0 Spellcasting
 + Level 6.0 Conjurations
 + Level 6.9 Fire Magic


You had 12 spell levels left.
You knew the following spells:

 Your Spells              Type           Power      Damage    Failure   Level
a - Foxfire               Conj/Fire      100%       2x1d9     1%          1
b - Scorch                Fire           64%        2d8       1%          2
c - Flame Wave            Conj/Fire      30%        2d9       8%          4

Your spell library contained the following spells:

 Spells                   Type           Power      Damage    Failure   Level
 Conjure Flame            Conj/Fire      30%        6-21      2%          3
 Inner Flame              Hex/Fire       18%        N/A       9%          3
 Ensorcelled Hibernation  Hex/Ice        10%        N/A       17%         2
 Spider Form              Tmut/Pois      5%         N/A       32%         3
 Anguish                  Hex/Necr       2%         N/A       73%         4


Dungeon Overview and Level Annotations

Branches:
Dungeon (5/15) Zot: 1937
 Temple: D:4-7

Altars:
Fedhas
Kikubaaqudgha


Innate Abilities, Weirdness & Mutations

You passively map a small area around you.
You are easily found by Zot.
You glow in the dark.
You regain HP and MP as you explore.


Message History

The gnoll sergeant is almost dead.
The flame wave engulfs the gnoll sergeant.
You kill the gnoll sergeant!
The flame wave engulfs the gnoll!
You kill the gnoll!
The gnoll sergeant hits you from afar with a +0 trident!
* * * LOW HITPOINT WARNING * * *
A gnoll comes into view. It is wielding a +0 halberd.
A wave of flame ripples out!
The flame wave engulfs the gnoll sergeant.
The gnoll sergeant is burned terribly!
You kill the gnoll sergeant!
The flame wave engulfs the gnoll!
The gnoll is heavily wounded.
You finish channelling waves of flame.
The gnoll bouda barks out a call to the hunt!
The gnolls pick up the pace!
Your Spellcasting skill increases to level 6!
Your Conjurations skill increases to level 6!
Okay, then.
Casting: Flame Wave (dangerous; 8% risk of failure)
Confirm with . or Enter, or press ? or * to list all spells.
Flames lash the gnoll.
The gnoll is almost dead.
The gnoll's fire resistance burns away.
The gnoll hits you with a +0 club.
* * * LOW HITPOINT WARNING * * *
Casting: Scorch (safe; 1% risk of failure)
Confirm with . or Enter, or press ? or * to list all spells.
You conjure some foxfire!
The gnoll hits you with a +0 club.
* * * LOW HITPOINT WARNING * * *
The foxfire hits the gnoll.
The gnoll is burned terribly!
You kill the gnoll!
The foxfire hits the gnoll bouda but does no damage.
The gnoll bouda barks out a call to the hunt!
The gnoll barely misses you.
The gnoll bouda gazes fiercely through you!
You feel your attacks grow feeble.
A gnoll comes into view. It is wielding a +0 spear.
The gnoll hits you from afar with a +0 halberd.
You die...

#..........., * ..### ♣
#.........# ..#[# ♣♣
#.........######## #..## .♣♣
#.........##.....# ...... g ..♣♣
#.........##.....##........ ...♣
#.........##.......)#.g.#.# ...♣♣
#.........##......).#...#.# ....♣
#..........#..g..g)........ ..♣.♣
#.........@.g....†.##...... ..♣♣♣
#...............))###.§.... ...♣
#...........#####.####.....
...♣♣♣#...........#*#.....g......
##.....................######....
##................##.### ##...##
.<.#.............###. **#......
##.##.....#....... ., .[....#.###
##.##..#####.#....>. #######.###


You could see a gnoll bouda and 2 gnolls.

Vanquished Creatures
  An ogre (D:4)
  A centaur (D:5)
  A necrophage (D:5)
  2 gnoll sergeants (D:5)
  Blork the orc (D:5)
  A scorpion (D:5)
  3 hounds
  3 jellies (D:5)
  An iguana (D:5)
  An orc wizard (D:5)
  4 adders
  5 gnolls (D:5)
  A shadow imp (D:4)
  2 dart slugs
  2 worms
  4 orcs (D:5)
  2 ball pythons
  A bat (D:3)
  2 endoplasms
  2 giant cockroaches (D:4)
  3 goblins
  3 hobgoblins
  4 jackals (D:4)
  2 quokkas
  4 kobolds
56 creatures vanquished.

Vanquished Creatures (collateral kills)
  An ufetubus (D:4)
  A dart slug (D:4)
  A kobold (D:4)
3 creatures vanquished.

Vanquished Creatures (others)
  110 foxfires
110 creatures vanquished.

Grand Total: 169 creatures vanquished

Notes
Turn   | Place    | Note
-------+----------+-------------------------------------------
     0 | D:1      | hawla the Meteoran Fire Elementalist began the quest for
                  | the Orb.
     0 | D:1      | Reached XP level 1. HP: 14/14 MP: 5/5
   122 | D:1      | Reached XP level 2. HP: 20/20 MP: 3/6
   161 | D:2      | Learned a level 2 spell: Scorch
   282 | D:3      | Found an ancient bone altar of Kikubaaqudgha.
   298 | D:3      | Noticed a hound
   301 | D:3      | Killed a hound
   302 | D:3      | Reached XP level 3. HP: 26/26 MP: 3/8
   302 | D:3      | Reached XP level 4. HP: 33/33 MP: 3/10
   412 | D:3      | Identified the +5 sling "Nuhog" {flame, rF+ rN+ Int+3}
   488 | D:4      | Reached skill level 5 in Fire Magic
   488 | D:4      | Reached XP level 5. HP: 23/38 MP: 3/11
   495 | D:4      | Learned a level 4 spell: Flame Wave
   513 | D:4      | Noticed an ogre
   531 | D:4      | Killed an ogre
   532 | D:4      | Reached XP level 6. HP: 45/45 MP: 3/12
   610 | D:4      | Reached skill level 5 in Conjurations
   827 | D:5      | Entered Level 5 of the Dungeon
   854 | D:5      | Reached XP level 7. HP: 50/50 MP: 8/13
   910 | D:5      | Found a blossoming altar of Fedhas.
  1001 | D:5      | Reached skill level 5 in Spellcasting
  1028 | D:5      | Reached XP level 8. HP: 58/58 MP: 12/16
  1034 | D:5      | Noticed Blork the orc
  1048 | D:5      | Killed Blork the orc
  1054 | D:5      | HP: 2/58 [gnoll/+0 club[a gnoll bouda] (5)]
  1061 | D:5      | Slain by a gnoll

Illustrated notes

Levels and vault maps discovered:
D:1:      sevenhm_arrival_forest_fort_small_5, layout_basic, serial_shops,
          nicolae_shop_crystal
D:2:      layout_basic, basic_altar, st_stairs_11
D:3:      layout_rooms, grunt_temple_overflow_diamond, general_overflow_altar,
          gammafunk_ghost_split, serial_curves, eino_curves_04, eino_curves_04,
          eino_curves_04, eino_curves_02, minmay_statues_item
D:4:      layout_rooms
D:5:      layout_rooms, fedhas_altar_fruit_tree, sword_in_stone

Skill      XL: |  1  2  3  4  5  6  7  8 |
---------------+-------------------------+-----
Fire Magic     | 4 5 6 |  6.9
Spellcasting   | 3 5 6 |  6.0
Conjurations   | 2 4 5 6 |  6.0
Dodging        | 3 |  3.5
Fighting       | |  0.8
Stealth        | |  1.4

Action                   |  1- 3 |  4- 6 |  7- 9 || total
-------------------------+-------+-------+-------++-------
Melee: Unarmed           |     2 |    16 |       ||    18
 Cast: Foxfire           |    16 |    25 |    19 ||    60
       Scorch            |     2 |    13 |     6 ||    21
       Flame Wave        |       |     1 |     4 ||     5
  Use: Scroll            |     2 |     1 |       ||     3
Armor: Robe              |     3 |     5 |       ||     8
Dodge: Dodged            |     3 |    24 |    10 ||    37
